 Dungeon Crawl Stone Soup version 0.20-a0-893-g832831a (webtiles) character file.

7395 Idiomancer the Fighter (level 10, -3/111 HPs)
             Began as a Troll Gladiator on Mar 16, 2017.
             Was an Elder of Makhleb.
             Slain by a troll (12 damage)
             ... on level 9 of the Dungeon.
             The game lasted 00:30:13 (10073 turns).

Idiomancer the Fighter (Troll Gladiator)           Turns: 10073, Time: 00:30:13

Health: -3/111     AC:  8    Str: 24    XL:     10   Next: 92%
Magic:  12/12      EV: 13    Int:  4    God:    Makhleb [****..]
Gold:   493        SH:  0    Dex: 14    Spells: 9/9 levels left

rFire    + + +     SeeInvis .     - Unarmed
rCold    + . .     Gourm    +   a - +0 robe
rNeg     . . .     Faith    .   (no shield)
rPois    +         Spirit   .   b - +0 hat
rElec    +         Reflect  .   G - +0 cloak
rCorr    +         Harm     .   (gloves unavailable)
MR       .....                  (boots unavailable)
Stlth    +.........             (no amulet)
Regen    0.7/turn               n - ring of protection from fire
MPRegen  0.2/turn               y - ring of protection from fire

@: resistant, very slightly contaminated, hasted, very quick
A: unfitting armour, claws 3, icy blue scales 1, fast metabolism 3, gourmand,
regeneration 1, shaggy fur 1, tough skin 2, evolution 1
a: Minor Destruction, Lesser Servant of Makhleb, Major Destruction, Renounce
Religion


You were on level 9 of the Dungeon.
You worshipped Makhleb.
Makhleb was greatly pleased with you.
You were very full.

You visited 1 branch of the dungeon, and saw 9 of its levels.

You collected 493 gold pieces.

Inventory:

Missiles
 c - 2 throwing nets (quivered)
Armour
 a - a +0 robe (worn)
 b - a +0 hat (worn)
 G - a +0 cloak (worn)
Jewellery
 k - an uncursed ring of resist corrosion
 n - a ring of protection from fire (right claw)
 r - a +4 ring of intelligence
 y - a ring of protection from fire (left claw)
Wands
 w - a wand of lightning (7/15)
 B - a wand of polymorph (13/24)
 F - a wand of digging (17/24)
Scrolls
 e - 3 scrolls of remove curse
 h - 6 scrolls of blinking
 j - a scroll of amnesia {unknown}
 p - 3 scrolls of fear
 q - 2 scrolls of identify
 s - 2 scrolls of enchant armour {unknown}
 t - 2 scrolls of teleportation
 v - 2 scrolls of fog
 x - 4 scrolls of enchant weapon
 C - 2 scrolls of immolation {unknown}
 D - a scroll of vulnerability {unknown}
Potions
 f - 2 potions of degeneration {unknown}
 g - a potion of resistance
 m - 3 potions of curing
 A - 2 potions of lignification
 H - a potion of berserk rage {unknown}
 I - a potion of cancellation {unknown}
Books
 o - a book of Cantrips

   Spells                             Type                      Level
   a - Confusing Touch                Hexes                        1
   b - Animate Skeleton               Necromancy                   1
   c - Summon Small Mammal            Summoning                    1
   d - Apportation                    Translocation                1
 E - a book of Minor Magic

   Spells                             Type                      Level
   a - Magic Dart                     Conjuration                  1
   b - Blink                          Translocation                2
   c - Call Imp                       Summoning                    2
   d - Slow                           Hexes                        2
   e - Conjure Flame                  Conjuration/Fire             3
   f - Mephitic Cloud                 Conjuration/Poison/Air       3
Comestibles
 d - 6 bread rations
 i - 9 royal jellies
 l - 7 meat rations
 u - 2 chunks of flesh


   Skills:
 - Level 10.4 Fighting
 - Level 1.7 Throwing
 - Level 6.4 Dodging
 + Level 7.9 Unarmed Combat
 - Level 5.0 Invocations


You had 9 spell levels left.
You didn't know any spells.

Dungeon Overview and Level Annotations

Branches:
Dungeon (9/15)             Temple (0/1) D:6
   Lair: D:8-11         Orc: D:9-12

Altars:
Cheibriados
Elyvilon
Fedhas
Gozag
Hepliaklqana
Makhleb
Nemelex Xobeh
Sif Muna
Trog
Wu Jian
Xom
Yredelemnul
The Shining One


Innate Abilities, Weirdness & Mutations

You are too large for most types of armour.
You have claws for hands.
Your metabolism is lightning-fast.
You like to eat raw meat.
Your natural rate of healing is unusually fast.
You are covered in fur. (AC +1)
You have very tough skin. (AC +2)
You are partially covered in icy blue scales. (AC +2)
You evolve.


Message History

You are very lightly contaminated with residual magic.
Something barely misses you.
You claw the troll!
The troll is heavily wounded.
The troll bites you!
* * * LOW HITPOINT WARNING * * *
The troll completely misses you. The troll claws you.
* * * LOW HITPOINT WARNING * * *
Something hits you but does no damage.
You're too confused to move!
The troll barely misses you. The troll claws you but does no damage.
The troll barely misses you. Something hits you.
* * * LOW HITPOINT WARNING * * *
You're too confused!
It was a potion of resistance.
You feel protected.
You feel less confused. The troll bites you.
* * * LOW HITPOINT WARNING * * *
The troll claws you!
You die...

. .... ... ....
....######### ....#
............#....>#
...........T#.....#
.........@{)......
..........PP......
##......)..P####
#.....P.P...P#
.#####..P=P.(.P.....
.....P.P.P.P...P..P..
######P..P.####P......
#.........P# ...P...
#......PP..+ P.PP..


You could see a troll.

Vanquished Creatures
  A two-headed ogre (D:8)
  The ghost of kinenseiburu the Firebug, a novice HOFE of Beogh (D:8)
  The ghost of djmy96 the Cleaver, a novice HOFi of Okawaru (D:6)
  Pikel (D:5)
  An efreet (D:9)
  Grinder (D:6)
  A slime creature (D:9)
  Sigmund (D:5)
  3 yaks
  3 hogs (D:7)
  A human (D:7)
  A hungry ghost (D:8)
  Edmund (D:5)
  Duvessa (D:6)
  A porcupine (D:9)
  A sky beast (D:6)
  A black bear (D:6)
  2 ice beasts
  4 necrophages (D:7)
  3 ogres
  2 phantoms
  2 centaurs
  6 bullfrogs
  Dowan (D:6)
  A water moccasin skeleton (D:4)
  4 scorpions
  6 wights
  A howler monkey (D:7)
  4 bullfrog zombies
  A crimson imp (D:6)
  A centaur zombie (D:5)
  4 hounds
  4 orc priests
  4 orc wizards
  An iguana (D:7)
  Terence (D:3)
  7 worker ants
  A mummy (D:5)
  2 worker ant zombies
  3 gnolls
  7 adders
  A white imp (D:9)
  2 oozes
  An adder zombie (D:7)
  An adder skeleton (D:7)
  3 worms
  A leopard gecko (D:7)
  21 orcs
  4 ball pythons
  15 bats
  10 giant cockroaches
  5 goblins
  9 hobgoblins
  8 jackals
  10 kobolds
  4 quokkas
  5 frilled lizards
  2 goblin skeletons (D:9)
  A goblin zombie (D:9)
  5 hobgoblin zombies
  A jackal zombie (D:7)
  3 kobold zombies
  A leopard gecko zombie (D:7)
  2 orc zombies
  A quokka skeleton (D:6)
  6 rats
  A bush (D:7)
216 creatures vanquished.

Vanquished Creatures (others)
  An adder zombie (D:9)
  4 plants (D:7)
5 creatures vanquished.

Grand Total: 221 creatures vanquished

Notes
Turn   | Place    | Note
-------+----------+-------------------------------------------
     0 | D:1      | Idiomancer the Troll Gladiator began the quest for the Orb.
     0 | D:1      | Reached XP level 1. HP: 19/19 MP: 0/0
    83 | D:1      | Reached skill level 2 in Fighting
   124 | D:1      | Reached XP level 2. HP: 28/28 MP: 1/1
   522 | D:1      | Reached XP level 3. HP: 36/36 MP: 2/2
   678 | D:2      | Found a basalt altar of Yredelemnul.
   766 | D:2      | Reached skill level 3 in Fighting
   849 | D:2      | Found a burning altar of Makhleb.
   849 | D:2      | Noticed an Executioner
   852 | D:2      | Noticed a hellwing
   852 | D:2      | Noticed an orange demon
   854 | D:2      | Became a worshipper of Makhleb the Destroyer
  1524 | D:2      | Reached XP level 4. HP: 17/46 MP: 3/3
  1694 | D:3      | Found a bloodstained altar of Trog.
  1804 | D:3      | Reached * piety under Makhleb
  1957 | D:3      | Reached skill level 4 in Fighting
  2151 | D:3      | Noticed Terence
  2160 | D:3      | Killed Terence
  2160 | D:3      | Reached XP level 5. HP: 47/55 MP: 4/4
  2769 | D:4      | Reached skill level 5 in Fighting
  3118 | D:4      | Reached XP level 6. HP: 53/66 MP: 5/5
  3821 | D:5      | Entered Level 5 of the Dungeon
  3908 | D:5      | Reached ** piety under Makhleb
  3966 | D:5      | Reached skill level 5 in Unarmed Combat
  3967 | D:5      | Reached XP level 7. HP: 34/72 MP: 6/6
  4193 | D:5      | Noticed Pikel
  4299 | D:5      | Reached skill level 1 in Invocations
  4327 | D:5      | Killed Pikel
  4327 | D:5      | Reached skill level 5 in Invocations
  4327 | D:5      | Reached XP level 8. HP: 53/80 MP: 7/10
  4392 | D:5      | Found an opulent altar of Gozag.
  4393 | D:5      | Found a snail-covered altar of Cheibriados.
  4397 | D:5      | Noticed Edmund
  4400 | D:5      | Noticed Sigmund
  4415 | D:5      | Killed Sigmund
  4507 | D:5      | Found a deep blue altar of Sif Muna.
  4521 | D:5      | Killed Edmund
  4521 | D:5      | Reached skill level 6 in Fighting
  4620 | D:5      | You fall through a shaft!
  4744 | D:6      | Noticed Grinder
  4746 | D:6      | Paralysed by Grinder for 2 turns
  4761 | D:6      | Killed Grinder
  4761 | D:6      | Reached skill level 7 in Fighting
  4772 | D:6      | Gained mutation: You are partially covered in icy blue scales. (AC +2) [mutagenic meat]
  4775 | D:6      | Gained mutation: You evolve. [mutagenic meat]
  4876 | D:6      | Found a staircase to the Ecumenical Temple.
  4961 | D:6      | Noticed djmy96's ghost (novice HOFi)
  4968 | D:6      | Reached XP level 9. HP: 93/93 MP: 11/11
  4991 | D:6      | Killed djmy96's ghost
  4991 | D:6      | Reached skill level 8 in Fighting
  5016 | D:6      | Gained mutation: You have large cloven feet. [evolution]
  5262 | D:6      | Found a shimmering altar of Xom.
  5285 | D:6      | Noticed Duvessa
  5290 | D:6      | Noticed Dowan
  5290 | D:6      | Killed Duvessa
  5290 | D:6      | Reached skill level 9 in Fighting
  5302 | D:6      | Killed Dowan
  6970 | D:7      | Reached *** piety under Makhleb
  7161 | D:7      | Found an ornate altar of the Wu Jian Council.
  7459 | D:7      | Reached skill level 10 in Fighting
  7477 | D:7      | Reached XP level 10. HP: 83/111 MP: 12/12
  7637 | D:7      | Found a blossoming altar of Fedhas.
  8191 | D:8      | Found a bloodstained altar of Trog.
  8251 | D:8      | Reached **** piety under Makhleb
  8570 | D:8      | Noticed a two-headed ogre
  8572 | D:8      | Noticed kinenseiburu's ghost (novice HOFE)
  8581 | D:8      | Killed a two-headed ogre
  8581 | D:8      | Reached skill level 5 in Dodging
  8615 | D:8      | Killed kinenseiburu's ghost
  8733 | D:8      | Lost mutation: You have large cloven feet. [evolution]
  8775 | D:8      | Found a white marble altar of Elyvilon.
  8918 | D:8      | Found a hazy altar of Hepliaklqana.
  9779 | D:9      | Found a glowing golden altar of the Shining One.
  9921 | D:9      | Found a sparkling altar of Nemelex Xobeh.
 10073 | D:9      | Slain by a troll

Vault maps used:
D:1:      scummos_arrival_checkerplants
D:2:      lemuel_coloured_pillars_altar, makhleb_altar_promises_db
D:3:      nicolae_overflow_crystal_walls, uniq_terence
D:4:      first_bread
D:5:      chequers_temple_overflow_statue_of_worship, basic_altar,
          corexii_leaking_fountain, minmay_mini_ossuary, uniq_sigmund,
          uniq_edmund, uniq_pikel
D:6:      overflow_temple_1_default, minmay_temple_entry_water_ring,
          uniq_grinder, uniq_duvessa
D:7:      fedhas_altar_decomposition, kennysheep_mini, grunt_livestock
D:8:      lemuel_round_altar, lemuel_round_altar, basic_altar
D:9:      minmay_curly_fans, nicolae_tso_besieged_by_evil, lemuel_crystal_altar,
          grunt_lair_entry_orc_guard_hut, led_sif_pool

Skill      XL: |  1  2  3  4  5  6  7  8  9 10 |
---------------+-------------------------------+-----
Fighting       | 2 3 4 5 7 10 | 10.4
Unarmed Combat | 5 6 7 |  7.9
Invocations    | 5 |  5.0
Dodging        | 6 |  6.4
Throwing       | |  1.7

Action                   |  1- 3 |  4- 6 |  7- 9 | 10-12 || total
-------------------------+-------+-------+-------+-------++-------
Melee: Unarmed           |   100 |   165 |   219 |   239 ||   723
       Punch             |       |     2 |     3 |    10 ||    15
       Kick              |       |       |    36 |    60 ||    96
Throw: Throwing net      |       |       |       |     3 ||     3
Invok: Minor Destruction |       |       |     1 |       ||     1
       Lesser Servant of |       |       |       |     1 ||     1
Evoke: Wand              |       |       |     6 |     6 ||    12
  Use: Potion            |       |     3 |     5 |     3 ||    11
       Scroll            |       |     2 |     7 |     2 ||    11
 Stab: Sleeping          |     2 |       |     1 |       ||     3
       Held in net/web   |       |       |       |     1 ||     1
  Eat: Chunk             |    14 |    26 |    31 |    27 ||    98
       Fruit             |       |       |     2 |     2 ||     4
       Bread ration      |       |       |       |     1 ||     1
Armor: Robe              |    36 |    59 |    53 |    59 ||   207
Dodge: Dodged            |    62 |    78 |    96 |    92 ||   328
